 Dungeon Crawl Stone Soup version 0.18-a0-1027-g814d7dd (console) character file.

0 FIQ the Skirmisher (level 1, -1/22 HPs)
             Began as a Troll Abyssal Knight on Jan 8, 2016.
             Was a Follower of Lugonu.
             Slain by a shadow dragon skeleton (7 damage)
             ... on level 4 of the Abyss.
             The game lasted 00:00:51 (120 turns).

FIQ the Skirmisher (Troll Abyssal Knight)            Turns: 120, Time: 00:00:52

Health: -1/22      AC:  5    Str: 19    XL:     1   Next: 0%
Magic:  1/1        EV: 10    Int:  8    God:    Lugonu [*.....]
Gold:   234        SH:  0    Dex:  9    Spells: 0 memorised, 0 levels left

rFire  . . .     SeeInvis .       - Unarmed
rCold  . . .     Gourm    +     a - +0 robe
rNeg   . . .     Faith    .     (no shield)
rPois  .         Spirit   .     (helmet restricted)
rElec  .         Dismiss  .     (no cloak)
rCorr  .         Reflect  .     (gloves unavailable)
SustAt .         Harm     .     (boots unavailable)
MR     .....                    (no amulet)
Stlth  +.........               (no ring)
                                (no ring)

@: not resistant to hostile enchantments, very unstealthy
A: unfitting armour, claws 3, fast metabolism 3, gourmand, regeneration 2,
shaggy fur 1, tough skin 2
a: Depart the Abyss, Renounce Religion


You were on level 4 of the Abyss.
You worshipped Lugonu.
Lugonu was aware of your devotion.
You were not hungry.

You visited 0 branches of the dungeon, and saw 0 of its levels.
You visited the Abyss 1 time.

You collected 234 gold pieces.

Inventory:

Armour
 a - a +0 robe (worn)
Books
 c - a book of Fire

   Spells                             Type                      Level
   a - Ignite Poison                  Fire/Transmutation/Poison    3
   b - Fireball                       Conjuration/Fire             5
   c - Bolt of Fire                   Conjuration/Fire             6
   d - Delayed Fireball               Conjuration/Fire             7
   e - Ring of Flames                 Charms/Fire                  7
Comestibles
 b - 2 bread rations


   Skills:
 + Level 2.4 Fighting
 + Level 1.9 Dodging
 + Level 2.0 Unarmed Combat
 + Level 1.5 Invocations


You couldn't memorise any spells.
You didn't know any spells.

Dungeon Overview and Level Annotations

Branches:
Dungeon (0/15)

Altars:


Innate Abilities, Weirdness & Mutations

You are too large for most types of armour.
You have claws for hands.
Your metabolism is lightning-fast.
You like to eat raw meat.
You heal very quickly.
You are covered in fur (AC +1).
You have very tough skin (AC +2).


Message History

Found 36 stones.
Found a gateway leading deeper into the Abyss.
There is a gateway leading deeper into the Abyss here.
You plunge deeper into the Abyss.
The abyssal rune of Zot can be found at this depth.
Found a gateway leading out of the Abyss.
An ettin comes into view.
It is wielding a giant spiked club of distortion and a giant club.
The giant eyeball turns its gaze towards you.
Found an abyssal rune of Zot.
A lurking horror comes into view.
Found a leatherbound book.
A shadow dragon skeleton comes into view.
The lurking horror explodes!
Your body is wracked with pain!
You see here a leatherbound book.
c - a book of Fire You claw the shadow dragon skeleton!
The shadow dragon skeleton bites you. The shadow dragon skeleton claws you!
* * * LOW HITPOINT WARNING * * *
The shadow dragon skeleton claws you!
You die...

## ##.# #...##
#..@#####. # #.
#. ####Z#..#.#
#.≈ # ##.# . . ..
#. ####..#
.##.#.##. .
##...Z.##......#.
Z #.#......###.
.# # #.#...#....#
.. ## # .
.#....#..#.####.#
. ≈# . .#....
###. ...##.# .
.............#..#
..## .
......#.....#
.####..≈##


You could see a shadow dragon skeleton.

Vanquished Creatures (others)
  A lurking horror (Abyss:4)
1 creature vanquished.

Notes
Turn   | Place    | Note
--------------------------------------------------------------
     0 | Abyss:1  | FIQ the Troll Abyssal Knight began the quest for the Orb.
     0 | Abyss:1  | Reached XP level 1. HP: 22/22 MP: 1/1
    26 | Abyss:2  | Found a corrupted altar of Lugonu.
    54 | Abyss:2  | Noticed a large abomination
    95 | Abyss:4  | Noticed an ettin skeleton
    95 | Abyss:4  | Noticed an ettin
   107 | Abyss:4  | Noticed a shadow dragon skeleton
   120 | Abyss:4  | Slain by a shadow dragon skeleton

Vault maps used:
Abyss:1:  lemuel_firewalk_3
Abyss:2:  lemuel_firewalk_3, abyss_exit_lava
Abyss:3:  hangedman_abyss_sting, evilmike_abyss_rune_tso_outpost,
          evilmike_abyss_exit_15
Abyss:4:  bh_abyss_exit_grid, evilmike_abyss_rune_ettins

Action                   || total
-------------------------++-------
Melee: Unarmed           ||     1
